 Dungeon Crawl Stone Soup version 0.30-a0-140-gd1020e658a (webtiles) character file.

Game seed: 1771545795723868952

5462 jlumianski the Cleaver (level 10, -7/60 HPs)
             Began as a Gargoyle Gladiator on Sept 24, 2022.
             Killed from afar by a lava snake (20 damage)
             ... with a glob of lava
             ... on level 9 of the Dungeon.
             The game lasted 00:42:31 (10488 turns).

jlumianski the Cleaver (Gargoyle Gladiator)        Turns: 10488, Time: 00:42:31

Health: -7/60      AC: 23    Str: 23    XL:     10   Next: 68%
Magic:  10/10      EV: 10    Int:  8    God:
Gold:   615        SH:  9    Dex: 11    Spells: 9/9 levels left

rFire   . . .      SeeInvis .    a - +0 war axe (venom)
rCold   . . .      Faith    .    L - +0 kite shield
rNeg    + . .      Spirit   .    l - +0 plate armour
rPois   ∞          Reflect  .    c - +0 helmet
rElec   +          Harm     .    (no cloak)
rCorr   .          Rampage  .    (no gloves)
Will    +....                    q - +0 pair of boots
Stlth   ..........               (no amulet)
HPRegen 0.20/turn                g - +4 ring of evasion
MPRegen 0.12/turn                D - ring of willpower

@: no status effects
A: sickness immunity, AC +7, negative energy resistance 1, electricity
resistance, torment resistance 1, petrification resistance
a: no special abilities


You were on level 9 of the Dungeon.
You visited 2 branches of the dungeon, and saw 11 of its levels.

You collected 615 gold pieces.

Inventory:

Hand Weapons
 a - a +0 war axe of venom (weapon)
 P - a +2 scimitar of flaming
Missiles
 e - 2 throwing nets
 p - 41 poisoned darts
 u - 17 boomerangs
 C - 2 curare-tipped darts
 G - a javelin (quivered)
Armour
 c - a +0 helmet (worn)
 f - a +2 hat
 l - a +0 plate armour (worn)
 q - a +0 pair of boots (worn)
 L - a +0 kite shield (worn)
Jewellery
 g - a +4 ring of evasion (left hand)
 t - a ring of see invisible
 D - a ring of willpower (right hand)
Wands
 v - a wand of digging (1)
 N - a wand of flame (17)
 O - a wand of charming (6)
Scrolls
 d - a scroll of identify
 j - 2 scrolls of fear
 K - a scroll of fog
Potions
 b - a potion of mutation
 k - 2 potions of invisibility
 n - 4 potions of curing
 o - 3 potions of brilliance
 x - a potion of haste
 H - 2 potions of attraction
 J - a potion of might


   Skills:
 + Level 6.2 Fighting
 + Level 10.1 Axes
 + Level 3.6 Throwing
 + Level 7.3 Armour
 + Level 4.3 Dodging
 + Level 1.5 Stealth
 + Level 5.2 Shields


You had 9 spell levels left.
You didn't know any spells.
Your spell library contained the following spells:

 Spells                   Type           Power      Damage    Failure   Level
 Foxfire                  Conj/Fire      0%         2x1d4     100%        1
 Magic Dart               Conj           0%         1d3       100%        1
 Slow                     Hex            0%         N/A       100%        1
 Summon Small Mammal      Summ           0%         N/A       100%        1
 Searing Ray              Conj           0%         2d4       100%        2
 Static Discharge         Conj/Air       0%         2-2/arc   100%        2
 Call Canine Familiar     Summ           0%         N/A       100%        3
 Confusing Touch          Hex            0%         N/A       100%        3
 Ignite Poison            Fire/Tmut/Pois 0%         N/A       100%        3
 Inner Flame              Hex/Fire       0%         N/A       100%        3
 Kindle Blastsparks       Fire/Tloc/Air  0%         2d10      100%        3
 Mephitic Cloud           Conj/Pois/Air  0%         N/A       100%        3
 Summon Guardian Golem    Hex/Summ       0%         N/A       100%        3
 Vampiric Draining        Necr           0%         2d6       100%        3
 Dispel Undead            Necr           0%         3d6       100%        4
 Flame Wave               Conj/Fire      0%         2d4       100%        4
 Fulminant Prism          Conj/Hex       0%         3d6       100%        4
 Sticky Flame             Conj/Fire      0%         2d3       100%        4
 Freezing Cloud           Conj/Ice/Air   0%         6-21      100%        5


Dungeon Overview and Level Annotations

Branches:
Dungeon (10/15)            Temple (1/1) D:7            Lair (0/5) D:9
    Orc: D:9-12

Altars:
Ashenzari
Cheibriados
Dithmenos
Elyvilon
Fedhas
Gozag
Hepliaklqana
Makhleb
Nemelex Xobeh
Okawaru
Ru
Sif Muna
Trog
Uskayaw
Vehumet
Wu Jian
Xom
Yredelemnul
Zin
The Shining One


Innate Abilities, Weirdness & Mutations

You are immune to sickness and miasma.
Your stone body is resilient. (AC +7)
You are immune to poison.
You resist negative energy. (rN+)
You are resistant to electric shocks. (rElec)
You are resistant to unholy torment.
You are immune to petrification.


Message History

You hit the wraith but do no damage.
The wraith is moderately damaged.
You block the wraith's attack.
You hit the wraith.
The wraith is heavily damaged.
The wraith closely misses you. The wraith hits you but does no damage.
You slash the wraith!
The wraith is almost destroyed.
The wraith hits you. The wraith drains your vigour!
You feel yourself slow down.
You closely miss the wraith.
The wraith is almost destroyed.
The wraith closely misses you. You block the wraith's attack.
You slash the wraith!
You destroy the wraith!
The lava snake spits lava at you.
The glob of lava hits you but does no damage.
You feel yourself speed up. The lava snake barely misses you.
The lava snake spits lava at you. The glob of lava hits you!
* * * LOW HITPOINT WARNING * * *
There is an open door here.
You block the lava snake's attack.
You completely miss the lava snake. You block the lava snake's attack.
You hit the lava snake but do no damage.
The lava snake is poisoned.
The lava snake bites you.
* * * LOW HITPOINT WARNING * * *
You are engulfed in flames.
* * * LOW HITPOINT WARNING * * *
You closely miss the lava snake. You block the lava snake's attack.
You slash the lava snake!
The lava snake is severely wounded.
The lava snake spits lava at you. The glob of lava hits you!
* * * LOW HITPOINT WARNING * * *
You feel better. The lava snake spits lava at you. The glob of lava hits you!!
You die...

.....### .......#
§.§≈§..[..≈§§§≈
########
§≈§§≈≈...§§≈.§≈ #
#§≈§≈≈≈.≈§§§§≈#
###≈§.≈≈≈§≈§§≈# #
#.##≈≈.§≈≈.≈§#
####.####..##≈≈.≈.≈≈#
......)>#...##≈≈.≈≈#
####.##)#....##≈@S#
## #.....(....##'##
.######.####.....#
........# #..####
...####.####..# ##.#
#........#
##.###..####.##
.....#..# #.#
##...#..# #.#


You could see a lava snake (very poisoned, catching breath).

Vanquished Creatures
  Erica (D:8)
  A hornet (D:9)
  Grinder (D:5)
  Eustachio (D:5)
  4 yaks (D:9)
  A wraith (D:9)
  A steam dragon (D:7)
  Menkaure (D:5)
  Edmund (D:4)
  3 orc warriors
  5 ice beasts
  2 sky beasts
  2 centaurs
  4 bullfrogs
  3 kobold brigands
  3 scorpions
  2 necrophages (D:5)
  A gnoll sergeant (D:7)
  12 wights
  A lava snake (D:9)
  2 hounds (D:5)
  2 orc priests
  3 gnoll boudas
  3 jellies
  2 iguanas
  4 orc wizards
  16 gnolls
  7 adders
  3 white imps
  An ufetubus (D:6)
  A worm (D:3)
  A dart slug (D:3)
  19 orcs
  5 endoplasms
  5 giant cockroaches
  9 hobgoblins
  4 jackals
  16 kobolds
  A quokka (D:4)
  2 ball pythons
  3 bats
  A frilled lizard (D:1)
  11 goblins
  6 rats
177 creatures vanquished.

Vanquished Creatures (others)
  An orc (D:7)
  19 fungi
  2 plants (D:9)
22 creatures vanquished.

Grand Total: 199 creatures vanquished

Notes
Turn   | Place    | Note
-------+----------+-------------------------------------------
     0 | D:1      | jlumianski the Gargoyle Gladiator began the quest for the
                  | Orb.
     0 | D:1      | Reached XP level 1. HP: 12/12 MP: 1/1
    70 | D:2      | Reached XP level 2. HP: 16/17 MP: 2/2
    97 | D:1      | Reached skill level 3 in Axes
   314 | D:2      | Reached XP level 3. HP: 15/22 MP: 3/3
   943 | D:2      | Found a faded altar of an unknown god.
   994 | D:2      | Reached XP level 4. HP: 27/27 MP: 4/4
  1486 | D:4      | Reached skill level 1 in Armour
  1802 | D:3      | Found a shimmering blue altar of Sif Muna.
  2033 | D:3      | Got Sif Muna's Papyrus of Generation
  2079 | D:3      | Found a bloodstained altar of Trog.
  2146 | D:3      | Reached XP level 5. HP: 24/32 MP: 5/5
  2424 | D:3      | Reached skill level 4 in Axes
  3180 | D:5      | Entered Level 5 of the Dungeon
  3228 | D:4      | Reached XP level 6. HP: 27/37 MP: 6/6
  3478 | D:4      | Noticed Edmund
  3498 | D:4      | Killed Edmund
  3853 | D:5      | Found a white marble altar of Elyvilon.
  3856 | D:5      | Found an iron altar of Okawaru.
  3872 | D:5      | Noticed an ice beast
  3882 | D:5      | Killed an ice beast
  3883 | D:5      | Reached skill level 1 in Shields
  3883 | D:5      | Reached XP level 7. HP: 41/41 MP: 7/7
  3983 | D:5      | Noticed Eustachio
  3996 | D:5      | Noticed Grinder
  4009 | D:5      | Paralysed by Grinder for 2 turns
  4017 | D:5      | Killed Eustachio
  4018 | D:5      | Reached skill level 5 in Axes
  4024 | D:5      | Killed Grinder
  4025 | D:5      | Reached XP level 8. HP: 25/48 MP: 8/8
  4226 | D:5      | Found a burning altar of Makhleb.
  4609 | D:5      | Reached skill level 6 in Axes
  4609 | D:5      | Reached skill level 1 in Stealth
  4654 | D:5      | Noticed Menkaure
  4664 | D:5      | Killed Menkaure
  5514 | D:5      | Found an opulent altar of Gozag.
  5837 | D:5      | Reached skill level 7 in Axes
  5837 | D:5      | Reached skill level 5 in Armour
  5837 | D:5      | Reached XP level 9. HP: 42/52 MP: 9/9
  6361 | D:6      | Found a radiant altar of Vehumet.
  6528 | D:6      | Reached skill level 5 in Fighting
  6825 | D:7      | Found a flagged portal.
  7218 | D:6      | Reached skill level 8 in Axes
  8497 | D:7      | Reached XP level 10. HP: 59/59 MP: 10/10
  8511 | D:7      | Reached skill level 9 in Axes
  8578 | D:7      | Found a staircase to the Ecumenical Temple.
  8585 | Temple   | Entered the Ecumenical Temple
  9778 | D:9      | Noticed Erica
  9931 | D:8      | Killed Erica
  9992 | D:9      | Found a staircase to the Lair.
 10130 | D:9      | Reached skill level 10 in Axes
 10134 | D:9      | Reached skill level 5 in Shields
 10239 | D:10     | Entered Level 10 of the Dungeon
 10487 | D:9      | HP: 2/60 [lava snake/glob of lava (11)]
 10488 | D:9      | Killed from afar by a lava snake

Illustrated notes

Levels and vault maps discovered:
D:1:      minmay_arrival_three_doors, layout_rooms
D:2:      layout_basic, shapermc_ecumenical_altar_starsandcircs, minivault_4
D:3:      layout_loops_cross, nzn_overflow_gifts_of_might_and_magic
D:4:      layout_rooms, uniq_edmund
D:5:      layout_basic, mainiacjoe_overflow_boulevard,
          nicolae_overflow_hidden_temple, moated_statue, minmay_misc_feat_chi,
          uniq_menkaure, uniq_eustachio, uniq_grinder
D:6:      layout_loops_corners, old_standard_altar
D:7:      layout_rooms, minmay_temple_entry_butterflies, enter_bailey_5,
          minmay_misc_feat_nine_boxes, minmay_misc_feat_doors
D:8:      layout_loops_cross
D:9:      layout_basic, mainiacjoe_overflow_catwalk_spiral, dpeg_oklobed_lair,
          serial_shops, shop, kennysheep_diamond, uniq_erica, uniq_psyche
D:10:     layout_roguey, chequers_serial_rivers_micro_b
Temple:   nicolae_temple_god_jail

Skill      XL: |  1  2  3  4  5  6  7  8  9 10 |
---------------+-------------------------------+-----
Axes           | 3 4 5 7 8 10 | 10.1
Throwing       | 2 3 |  3.6
Armour         | 1 2 3 5 6 7 |  7.3
Dodging        | 3 4 |  4.3
Fighting       | 3 4 5 6 |  6.2
Shields        | 1 3 5 |  5.2
Stealth        | 1 |  1.5

Action                   |  1- 3 |  4- 6 |  7- 9 | 10-12 || total
-------------------------+-------+-------+-------+-------++-------
Melee: War axe           |    86 |   107 |   333 |   154 ||   680
       Punch             |     1 |       |       |       ||     1
Throw: Dart              |       |    10 |    10 |       ||    20
       Javelin           |       |     2 |     2 |     2 ||     6
       Throwing net      |       |     3 |       |       ||     3
  Use: Scroll            |       |     9 |     8 |     1 ||    18
       Potion            |       |       |     4 |     2 ||     6
Armor: Ring mail         |    35 |    42 |    54 |       ||   131
       Chain mail        |       |       |    44 |       ||    44
       Plate armour      |       |       |    96 |    65 ||   161
Dodge: Dodged            |    90 |   114 |   207 |    57 ||   468
Block: Buckler           |       |    20 |    79 |       ||    99
       Kite shield       |       |       |       |    62 ||    62

Table legend: (Time is in decaauts)
 A = Elapsed time spent in this place.
 B = Non-inter-level travel time spent in this place.
 C = Inter-level travel time spent in this place.
 D = Time resting spent in this place.
 E = Time spent auto-exploring this place.
 F = Levels seen in this place.
 G = Mean time per level.
                   A        B        C        D        E       F      G
               +--------+--------+--------+--------+--------+-----+--------+
         Total |  10701 |  10504 |    197 |   1813 |   5132 |  11 |  972.8 |
       Dungeon |  10606 |  10409 |    197 |   1813 |   5083 |  10 | 1060.6 |
        Temple |     94 |     94 |      0 |      0 |     49 |   1 |   94.0 |
               +--------+--------+--------+--------+--------+-----+--------+

Top non-repeatable levels by time:
     D:5: 2043 daAuts
     D:6: 1971 daAuts
     D:3: 1654 daAuts
     D:7: 998 daAuts
     D:4: 961 daAuts
     D:8: 943 daAuts
     D:2: 794 daAuts
     D:9: 627 daAuts
     D:1: 607 daAuts
  Temple: 94 daAuts
    D:10: 3 daAuts
